 Dungeon Crawl Stone Soup version 0.22.1-2-g9c5b331383 (webtiles) character file.

22712 Jynx the Earth Mage (level 13, -10/63 HPs)
             Began as a Gargoyle Earth Elementalist on Nov 18, 2018.
             Was a Believer of Ashenzari.
             Mangled by a six-headed hydra (13 damage)
             ... on level 3 of the Lair of Beasts.
             The game lasted 00:47:22 (17938 turns).

Jynx the Earth Mage (Gargoyle Earth Elementalist)  Turns: 17938, Time: 00:47:24

Health: -10/63     AC: 24    Str: 11    XL:     13   Next: 2%
Magic:  20/26      EV: 14    Int: 19    God:    Ashenzari [**....]
Gold:   1357       SH:  0    Dex: 11    Spells: 15/30 levels left

rFire    . . .     SeeInvis .   w - +5 dagger (curse)
rCold    + + .     Gourm    .   (no shield)
rNeg     + + .     Faith    .   r - +2 robe {MR+} (curse)
rPois    ∞         Spirit   .   n - +2 helmet (curse)
rElec    +         Reflect  .   m - +2 cloak (curse)
rCorr    +         Harm     .   a - +1 pair of gloves "Ciorch" {rN+ rCorr Str-2} (curse)
MR       +....                  j - +2 pair of boots (curse)
Stlth    ++........             (no amulet)
HPRegen  0.20/turn              H - ring of protection from cold
MPRegen  0.20/turn              C - ring of protection from cold

@: no status effects
A: negative energy resistance 1, electricity resistance, unbreathing,
petrification resistance, rot immunity, AC +9
a: Curse Item, Scrying, Renounce Religion


You were on level 3 of the Lair of Beasts.
You worshipped Ashenzari.
Ashenzari was pleased with you.
You were not hungry.

You visited 3 branches of the dungeon, and saw 15 of its levels.
You also visited: Ice Cave.

You collected 1357 gold pieces.

Inventory:

Hand Weapons
 w - a cursed +5 dagger (weapon)
 z - a +1 dagger of chaos
Missiles
 x - 77 stones (quivered)
Armour
 a - the cursed +1 pair of gloves "Ciorch" (worn) {rN+ rCorr Str-2}
   (You found it on level 11 of the Dungeon)

   It affects your strength (-2).
   It protects you from negative energy.
   It provides partial protection from all sources of acid and corrosion.
   It has a curse placed upon it.
 j - a cursed +2 pair of boots (worn)
 m - a cursed +2 cloak (worn)
 n - a cursed +2 helmet (worn)
 r - a cursed +2 robe of magic resistance (worn)
 S - the +3 warlock's mirror {reflect}
   (You found it in an ice cave)
Magical Staves
 I - an uncursed staff of wizardry
Jewellery
 u - an uncursed ring of protection from fire
 C - a ring of protection from cold (right hand)
 H - a ring of protection from cold (left hand)
 J - a +2 ring of protection
 K - an uncursed ring of protection from fire
Wands
 A - a wand of disintegration (5)
 E - a wand of clouds (7)
 F - a wand of paralysis (23)
 G - a wand of polymorph (18)
 L - a wand of digging (9)
 M - a wand of flame (27)
 T - a wand of random effects (24)
 U - a wand of iceblast (9)
Scrolls
 b - 2 scrolls of magic mapping
 e - a scroll of silence {unknown}
 g - 3 scrolls of amnesia
 h - 10 scrolls of teleportation
 i - 4 scrolls of blinking {unknown}
 l - a scroll of identify
 p - a scroll of enchant armour {unknown}
 t - a scroll of fog
 v - 2 scrolls of torment {unknown}
 y - a scroll of fear {unknown}
 N - a scroll of brand weapon {unknown}
 O - a scroll of vulnerability {unknown}
 Q - a scroll of summoning {unknown}
Potions
 c - 3 potions of flight
 f - a potion of magic
 k - a potion of resistance
 o - 3 potions of curing
 q - a potion of haste
 s - 6 potions of heal wounds
 B - a potion of cancellation
 D - a potion of agility
 P - 2 potions of lignification
 R - a potion of brilliance
 V - a potion of ambrosia {unknown}
 X - a potion of might {unknown}
 Y - a potion of mutation {unknown}
Comestibles
 d - 26 rations
 W - 6 chunks of flesh


   Skills:
 - Level 10.0(12.1) Short Blades
 - Level 3.7(5.8) Dodging
 - Level 2.1(3.9) Stealth
 - Level 4.0 Shields
 + Level 9.3 Spellcasting
 * Level 7.5 Conjurations
 - Level 0.7 Transmutations
 - Level 15.0 Earth Magic


You had 15 spell levels left.
You knew the following spells:

 Your Spells              Type           Power        Failure   Level  Hunger
a - Sandblast             Erth           ######       0%          1    None
b - Passwall              Tmut/Erth      #####...     1%          2    None
c - Lee's Rapid Deconstr  Erth           ######....   1%          5    #####..
d - Stone Arrow           Conj/Erth      ######       1%          3    None
e - Petrify               Tmut/Erth      #####...     3%          4    ###....

Your spell library contained the following spells:

 Spells                   Type           Power        Failure   Level  Hunger
 Beastly Appendage        Tmut           ##....       6%          1    None
 Sticks to Snakes         Tmut           ##......     9%          2    None
 Bolt of Magma            Conj/Fire/Erth #####.....   10%         5    #####..
 Iron Shot                Conj/Erth      ######....   12%         6    ######.
 Spider Form              Tmut/Pois      ##........   21%         3    None
 Iskenderun's Battlesphe  Conj/Chrm      ###.....     43%         5    #####..
 Venom Bolt               Conj/Pois      ###.......   43%         5    #####..
 Ice Form                 Ice/Tmut       ##......     56%         4    ###....
 Blade Hands              Tmut           ##........   86%         5    #####..
 Orb of Destruction       Conj           #####.....   97%         7    #######
 Spellforged Servitor     Conj/Summ      ###.......   100%        7    #######


Dungeon Overview and Level Annotations

Branches:
Dungeon (11/15)            Temple (1/1) D:7            Lair (3/6) D:11
  Swamp (0/4) Lair:2          Orc (0/2) D:11
  Snake: Lair:2-4    Spider: Lair:2-4

Altars:
Ashenzari
Cheibriados
Dithmenos
Elyvilon
Fedhas
Gozag
Hepliaklqana
Kikubaaqudgha
Makhleb
Nemelex Xobeh
Okawaru
Qazlal
Ru
Sif Muna
Trog
Uskayaw
Vehumet
Wu Jian
Xom
Yredelemnul
Zin
The Shining One
Beogh

Portals:
Trove: D:11 (give +2 shadow dragon scales)

Annotations:
D:4 2 transporters, Skippwaahh's ghost, amateur MfGl
D:7 3 runed doors, Flure's ghost, novice DEFE
Lair:2 exclusion: 2 oklob plants


Innate Abilities, Weirdness & Mutations

You are resistant to torment.
Your stone body is resilient. (AC +9)
You are immune to poison.
You resist negative energy. (rN+)
You are resistant to electric shocks. (rElec)
You can survive without breathing.
You are immune to petrification.
You are immune to rotting.


Message History

The six-headed hydra barely misses you.
The six-headed hydra bites you but does no damage. x4
Casting: Sandblast (safe; 0% risk of failure)
Confirm with . or Enter, or press ? or * to list all spells.
Aiming: Sandblast (safe; 0% risk of failure)
Press: ? - help, Shift-Dir - straight line, f/p - six-headed hydra
Aim: a six-headed hydra (heavily wounded)
The blast of sand hits the six-headed hydra.
The six-headed hydra is severely wounded.
x - 77 stones The blink frog closely misses you.
The blink frog misses you. The six-headed hydra bites you!
* * * LOW HITPOINT WARNING * * *
The six-headed hydra bites you!
* * * LOW HITPOINT WARNING * * *
The six-headed hydra bites you.
* * * LOW HITPOINT WARNING * * *
The six-headed hydra bites you but does no damage. x2
The six-headed hydra bites you!
You die...

* #........#
, ,
..........
,,
*#.........
* *
#.........
#......... *
#......... ,
#..D.....# *
* #
##.@F.....#
#
#.........#
, ,
##.........
, *
##..F......,
, , #
#..........,
#
#..F.......,
*
#....#....#
* * #
##...#.....
*#..,* #
#....(....
##... #


You could see a six-headed hydra and 3 blink frogs.

Vanquished Creatures
  Snorg (D:11)
  3 hydras
  A two-headed ogre (D:8)
  An unseen horror (D:11)
  2 oklob plants (Lair:2)
  2 ugly things (IceCv)
  Maurice (D:8)
  3 ice statues (IceCv)
  A black mamba (Lair:2)
  Psyche (D:8)
  2 spiny frogs
  A rime drake (Lair:2)
  4 komodo dragons
  A jumping spider (Lair:3)
  A troll (D:11)
  2 blink frogs (Lair:3)
  5 hippogriffs
  A redback (Lair:3)
  A wraith (D:10)
  8 yaks (D:11)
  4 hogs (D:7)
  4 basilisks
  A wyvern (Lair:2)
  A human (D:7)
  A hungry ghost (D:11)
  5 water moccasins
  Edmund (D:6)
  Duvessa (D:6)
  8 porcupines
  A sky beast (D:11)
  8 ice beasts
  5 orc warriors
  15 wolves
  2 phantoms
  4 ogres
  2 centaurs
  7 crocodiles
  A big kobold (D:8)
  8 bullfrogs
  Dowan (D:6)
  5 scorpions
  A water moccasin skeleton (D:7)
  5 killer bees
  4 electric eels
  8 howler monkeys
  5 crimson imps
  A bullfrog zombie (D:5)
  2 centaur zombies
  A quasit (D:11)
  A gnoll shaman (D:3)
  2 jellies (D:5)
  10 orc priests
  A centaur skeleton (D:10)
  5 hounds
  14 orc wizards
  3 iguanas (D:5)
  9 worker ants
  2 hound skeletons
  2 worker ant zombies
  9 gnolls
  2 howler monkey skeletons
  16 adders
  A shadow imp (D:5)
  3 oozes
  2 worms
  A dart slug (D:1)
  7 leopard geckos
  51 orcs
  A ball python (D:3)
  4 bats
  7 giant cockroaches
  10 goblins
  6 hobgoblins
  13 jackals
  2 quokkas
  4 frilled lizards
  15 kobolds
  2 leopard gecko skeletons
  11 rats
  A spectral orc (D:5)
371 creatures vanquished.

Vanquished Creatures (others)
  A rat (D:3)
  3 fungi
  9 plants
  4 toadstools (D:1)
17 creatures vanquished.

Grand Total: 388 creatures vanquished

Notes
Turn   | Place    | Note
-------+----------+-------------------------------------------
     0 | D:1      | Jynx the Gargoyle Earth Elementalist began the quest for
                  | the Orb.
     0 | D:1      | Reached XP level 1. HP: 10/10 MP: 3/3
   228 | D:1      | Reached skill level 4 in Earth Magic
   228 | D:1      | Reached XP level 2. HP: 15/15 MP: 1/5
   543 | D:1      | Reached XP level 3. HP: 19/19 MP: 4/6
  1015 | D:2      | Reached skill level 5 in Earth Magic
  1101 | D:2      | Found a white marble altar of Elyvilon.
  1114 | D:2      | Reached XP level 4. HP: 16/24 MP: 4/8
  1423 | D:2      | Found a faded altar of an unknown god.
  1835 | D:2      | Found a hide-covered altar of Uskayaw.
  1944 | D:3      | Found an opulent altar of Gozag.
  1973 | D:3      | Reached XP level 5. HP: 28/28 MP: 7/9
  2023 | D:3      | Found a sparkling altar of Nemelex Xobeh.
  2245 | D:3      | Reached skill level 1 in Short Blades
  2460 | D:3      | Reached skill level 6 in Earth Magic
  2672 | D:3      | Reached XP level 6. HP: 32/32 MP: 4/10
  2832 | D:3      | Found a radiant altar of Vehumet.
  3162 | D:4      | Found a transporter.
  3625 | D:4      | Found a transporter.
  3629 | D:4      | Noticed Skippwaahh's ghost (amateur MfGl)
  3887 | D:4      | Reached XP level 7. HP: 22/36 MP: 9/12
  3895 | D:4      | Learned a level 2 spell: Passwall
  3901 | D:4      | Learned a level 5 spell: Lee's Rapid Deconstruction
  3905 | D:4      | Learned a level 3 spell: Stone Arrow
  4087 | D:4      | Reached skill level 7 in Earth Magic
  4703 | D:5      | Entered Level 5 of the Dungeon
  4713 | D:5      | Reached XP level 8. HP: 39/41 MP: 10/14
  4888 | D:5      | Reached skill level 8 in Earth Magic
  5219 | D:5      | Learned a level 4 spell: Petrify
  5294 | D:5      | Found a basalt altar of Yredelemnul.
  5783 | D:6      | Noticed Duvessa
  5783 | D:6      | Noticed Dowan
  6551 | D:6      | Reached skill level 9 in Earth Magic
  6748 | D:6      | Noticed Edmund
  6753 | D:6      | Killed Edmund
  7079 | D:6      | Reached skill level 5 in Spellcasting
  7079 | D:6      | Reached XP level 9. HP: 45/45 MP: 16/16
  7215 | D:6      | Killed Duvessa
  7217 | D:6      | Killed Dowan
  7248 | D:6      | Reached skill level 5 in Short Blades
  7494 | D:7      | Reached skill level 10 in Earth Magic
  7658 | D:7      | Found a runed gate.
  7658 | D:7      | Found a runed gate.
  7658 | D:7      | Found a runed gate.
  7658 | D:7      | Noticed Flure's ghost (novice DEFE)
  8500 | D:7      | Found a staircase to the Ecumenical Temple.
  8512 | Temple   | Entered the Ecumenical Temple
  8626 | Temple   | Became a worshipper of Ashenzari the Shackled
  8900 | D:7      | Reached skill level 11 in Earth Magic
  8910 | D:7      | Reached XP level 10. HP: 46/50 MP: 1/19
  9091 | D:8      | Noticed Maurice
  9113 | D:8      | Killed Maurice
  9450 | D:8      | Noticed a two-headed ogre
  9454 | D:8      | Killed a two-headed ogre
  9969 | D:8      | Noticed Psyche
  9988 | D:8      | Killed Psyche
  9988 | D:8      | Reached skill level 12 in Earth Magic
 10442 | D:9      | Identified the cursed +2 rapier of Kismet {pierce, rElec}
 10826 | D:9      | Found a burning altar of Makhleb.
 10986 | D:10     | Entered Level 10 of the Dungeon
 11391 | D:10     | Reached * piety under Ashenzari
 11777 | D:11     | Found a staircase to the Lair.
 11796 | D:11     | Reached XP level 11. HP: 50/54 MP: 1/21
 11800 | D:11     | Noticed a six-headed hydra
 11935 | D:11     | Got the uncursed pair of gloves "Ciorch" {rN+ rCorr Str-2}
 11946 | D:11     | Identified the +1 pair of gloves "Ciorch" {rN+ rCorr Str-2}
                  | (You found it on level 11 of the Dungeon)
 11982 | D:11     | Reached skill level 13 in Earth Magic
 12101 | D:11     | Killed a six-headed hydra
 12340 | D:11     | Found a staircase to the Orcish Mines.
 12786 | D:11     | Killed an unseen horror
 13086 | D:11     | Found a portal to a secret trove of treasure.
 13149 | D:11     | Found a glowing golden altar of the Shining One.
 13157 | D:11     | Noticed Snorg
 13169 | D:11     | Killed Snorg
 13409 | D:11     | Reached skill level 14 in Earth Magic
 13594 | D:11     | Found a roughly hewn altar of Beogh.
 13763 | Lair:1   | Entered Level 1 of the Lair of Beasts
 13817 | Lair:1   | Noticed a seven-headed hydra
 13822 | Lair:1   | Killed a seven-headed hydra
 13822 | Lair:1   | Reached skill level 10 in Short Blades
 13953 | Lair:1   | Reached XP level 12. HP: 49/59 MP: 19/24
 13957 | Lair:1   | Reached skill level 1 in Conjurations
 14120 | Lair:1   | Found a frozen archway.
 14129 | IceCv    | Entered an ice cave
 15336 | IceCv    | Found the +3 warlock's mirror {reflect}
 15425 | Lair:1   | Reached ** piety under Ashenzari
 16122 | Lair:2   | Reached skill level 1 in Shields
 16184 | Lair:2   | Noticed a six-headed hydra
 16188 | Lair:2   | Killed a six-headed hydra
 16188 | Lair:2   | Reached skill level 15 in Earth Magic
 16241 | Lair:2   | Reached skill level 5 in Conjurations
 16758 | Lair:2   | Found a staircase to the Swamp.
 17926 | Lair:3   | Reached XP level 13. HP: 62/63 MP: 23/26
 17938 | Lair:3   | HP: 3/63 [six-headed hydra (2)]
 17938 | Lair:3   | Mangled by a six-headed hydra

Skill      XL: |  1  2  3  4  5  6  7  8  9 10 11 12 |
---------------+-------------------------------------+-----
Earth Magic    | 4 5 6 7 9 11 12 14 15 | 15.0
Short Blades   | 1 2 4 6 8 10 | 10.0
Dodging        | 2 3 |  3.7
Spellcasting   | 3 4 5 6 7 8 9 |  9.3
Conjurations   | 7 |  7.5
Shields        | 4 |  4.0
Stealth        | |  2.1
Transmutations | |  0.7

Action                   |  1- 3 |  4- 6 |  7- 9 | 10-12 | 13-15 || total
-------------------------+-------+-------+-------+-------+-------++-------
Melee: Unarmed           |    15 |       |       |    13 |       ||    28
       Dagger            |     8 |   181 |   514 |   625 |     6 ||  1334
       Short sword       |       |   121 |       |       |       ||   121
 Cast: Sandblast         |    36 |    66 |    84 |   258 |     6 ||   450
       Lee's Rapid Decon |       |       |    19 |    43 |       ||    62
       Stone Arrow       |       |       |     4 |    13 |       ||    17
       Petrify           |       |       |       |     1 |       ||     1
Invok: Curse Item        |       |       |     3 |     3 |       ||     6
Evoke: Wand              |       |       |       |     1 |       ||     1
  Use: Scroll            |     4 |     3 |     4 |     8 |       ||    19
       Potion            |       |     2 |       |       |       ||     2
 Stab: Sleeping          |     2 |     1 |     6 |     3 |       ||    12
  Eat: Chunk             |     1 |     9 |    15 |    27 |       ||    52
       Ration            |       |       |     2 |     4 |       ||     6
Armor: Robe              |     5 |   129 |   205 |   347 |    11 ||   697
Dodge: Dodged            |    15 |   201 |   331 |   395 |    14 ||   956
